 Dungeon Crawl Stone Soup version 0.23.2-1-ga50397a6bc (webtiles) character file.

Game seed: 3163459852714457232

769456 Lysie the Conqueror (level 27, -7/215 (218) HPs)
             Began as a Minotaur Fighter on May 17, 2019.
             Was a High Priest of Okawaru.
             Killed from afar by a lich (23 damage)
             ... with a bolt of acid
             ... on level 7 of Gehenna on May 22, 2019.
             The game lasted 04:16:23 (70569 turns).

Lysie the Conqueror (Minotaur Fighter)             Turns: 70569, Time: 04:16:24

HP:   -7/215 (218)  AC: 30    Str: 40    XL:     27
MP:   0/32          EV: 13    Int: 10    God:    Okawaru [*****.]
Gold: 5125          SH: 36    Dex: 11    Spells: 40/47 levels left

rFire    + + +     SeeInvis +   B - +6 war axe "Lupaluyc" {holy, rPois rF+ Int+3 Stlth+}
rCold    + . .     Gourm    .   L - +6 large shield {rF+}
rNeg     + + +     Faith    .   G - +7 storm dragon scales of Uppumat {rElec rN+ Regen+}
rPois    +         Spirit   +   u - +2 hat of the Bear Spirit {Spirit, +Rage rN+ MR++}
rElec    +         Reflect  .   q - scarf {cloud immunity}
rCorr    .         Harm     .   A - +0 pair of gloves "Rerithue" {Str+4 Int+2}
MR       +++++     Rnd*Rage +   K - +0 pair of boots of the Komtur {-Cast Dex+5 SInv} Stlth +.........NoCast +
                                H - amulet of Vodghei {Spirit rF+}
HPRegen  0.85/turn              R - ring of Veov {rElec rN++ Int+4 Slay+3}
MPRegen  0.23/turn              Y - ring "Dairolou" {rC+ MR+ Str+4}

@: heroism, very slightly contaminated
A: retaliatory headbutt, horns 2, berserk 1, blurry vision 1, clumsy 2, deformed
body, dopey 2, frail 2, low mp 1, weak 1, no potion heal 1, subdued magic 2
}: 4/15 runes: decaying, serpentine, slimy, silver
a: Heroism, Finesse, Renounce Religion, Evoke Berserk Rage


You were on level 7 of Gehenna.
You worshipped Okawaru.
Okawaru was extremely pleased with you.
You were not hungry.

You visited 15 branches of the dungeon, and saw 64 of its levels.
You also visited: Trove, Ossuary and Ice Cave.

You collected 8824 gold pieces.
You spent 3699 gold pieces at shops.

Inventory:

Hand Weapons
 t - the +10 hunting sling of Success {freeze, rC+}
   (You found it on level 3 of the Elven Halls)

   It causes projectiles fired from it to freeze those they strike, causing
   extra injury to most foes and up to half again as much damage against
   particularly susceptible opponents.
   They can also slow down cold-blooded creatures.
   It protects you from cold.
 B - the +6 war axe "Lupaluyc" (weapon) {holy, rPois rF+ Int+3 Stlth+}
   (Okawaru gifted it to you on level 3 of the Vaults)

   It has been blessed by the Shining One to cause great damage to the undead
   and demons.
   It affects your intelligence (+3).
   It protects you from fire.
   It protects you from poison.
   It makes you more stealthy.
 M - the +8 hand axe "Buffeivu" {antimagic, +Rage MR+ Int+4}
   (You found it on level 3 of the Crypt)

   It reduces the magical energy of the wielder, and disrupts the spells and
   magical abilities of those hit.
   Natural abilities and divine invocations are not affected.
   It affects your intelligence (+4).
   It affects your resistance to hostile enchantments.
   It lets you go berserk.
 O - a +9 demon whip of electrocution
 Q - the +6 eveningstar of Leosi {vamp, *Drain rPois Dex+2}
   (Okawaru gifted it to you on level 3 of Gehenna)

   It inflicts no extra harm, but heals its wielder when it wounds a living foe.
   It affects your dexterity (+2).
   It protects you from poison.
   It causes draining when unequipped.
 X - a +5 demon whip of flaming
Missiles
 h - 43 tomahawks (quivered)
 v - 285 sling bullets
Armour
 n - the +5 chain mail "Qurune" {*Contam Regen+ Int+2 Dex+4}
   (Okawaru gifted it to you on level 6 of Gehenna)

   It affects your intelligence (+2).
   It affects your dexterity (+4).
   It causes magical contamination when unequipped.
   It increases your rate of regeneration.
 q - a scarf of cloud immunity (worn)
 u - the +2 hat of the Bear Spirit (worn) {Spirit, +Rage rN+ MR++}
   (You found it in an ice cave)

   It protects you from negative energy.
   It affects your resistance to hostile enchantments.
   It lets you go berserk.
 A - the +0 pair of gloves "Rerithue" (worn) {Str+4 Int+2}
   (You found it on level 5 of the Vaults)

   It affects your strength (+4).
   It affects your intelligence (+2).
 D - a +1 cloak of invisibility
 G - the +7 storm dragon scales of Uppumat (worn) {rElec rN+ Regen+}
   (You bought it in a shop on level 4 of the Vaults)

   It insulates you from electricity.
   It protects you from negative energy.
   It increases your rate of regeneration.
 K - the +0 pair of boots of the Komtur (worn) {-Cast Dex+5 SInv}
   (Okawaru gifted it to you on level 9 of the Dungeon)

   It affects your dexterity (+5).
   It lets you see invisible.
   It prevents spellcasting.
 L - a +6 large shield of fire resistance (worn)
 U - the +1 hat of the Cricket {rPois rN++ Slay+3 Stlth-}
   (Okawaru gifted it to you on level 3 of the Lair of Beasts)

   It affects your accuracy and damage with ranged weapons and melee attacks
   (+3).
   It protects you from poison.
   It greatly protects you from negative energy.
   It makes you less stealthy.
Jewellery
 s - the amulet of Xom's Scorn {+Rage rElec rC+}
   (You found it in a treasure trove)

   [amulet of rage]

   It protects you from cold.
   It insulates you from electricity.
   It lets you go berserk.
 H - the amulet of Vodghei (around neck) {Spirit rF+}
   (You found it in a treasure trove)

   [amulet of guardian spirit]

   It causes incoming damage to be split between your health and magic.
   It protects you from fire.
 J - the amulet "Fukiuwoff" {rN+ Regen+}
   (You found it in a treasure trove)

   [amulet of regeneration]

   It protects you from negative energy.
   It increases your rate of regeneration.
 R - the ring of Veov (left hand) {rElec rN++ Int+4 Slay+3}
   (You took it off a deep elf annihilator on level 3 of the Elven Halls)

   [ring of intelligence]

   It affects your intelligence (+4).
   It affects your accuracy and damage with ranged weapons and melee attacks
   (+3).
   It insulates you from electricity.
   It greatly protects you from negative energy.
 Y - the ring "Dairolou" (right hand) {rC+ MR+ Str+4}
   (You took it off a deep elf annihilator on level 3 of the Elven Halls)

   [ring of protection from magic]

   It affects your strength (+4).
   It protects you from cold.
   It affects your resistance to hostile enchantments.
Wands
 g - a wand of digging (44)
 N - a wand of clouds (12)
 T - a wand of paralysis (10)
Scrolls
 a - 5 scrolls of enchant weapon
 c - 6 scrolls of holy word
 e - 6 scrolls of magic mapping
 j - 30 scrolls of remove curse
 k - 8 scrolls of fear
 w - 15 scrolls of teleportation
 x - 7 scrolls of immolation
 C - 7 scrolls of fog
 E - a scroll of summoning
 F - 6 scrolls of amnesia
 S - 4 scrolls of silence
Potions
 b - 4 potions of berserk rage
 d - 7 potions of might
 i - 7 potions of invisibility
 l - a potion of heal wounds
 o - 3 potions of ambrosia
 p - 8 potions of agility
 r - 19 potions of curing
 z - 5 potions of cancellation
 I - 10 potions of brilliance
 P - 6 potions of haste
 V - 18 potions of flight
 W - 8 potions of magic
Comestibles
 f - 59 rations


   Skills:
 O Level 27 Fighting
 - Level 14.0(27) Axes
 O Level 27 Maces & Flails
 - Level 7.1(19.6) Slings
 - Level 18.1(23.4) Throwing
 - Level 25.0(27) Armour
 - Level 25.0(27) Shields
 + Level 10.5 Spellcasting
 + Level 10.2 Transmutations
 + Level 10.2 Earth Magic
 - Level 9.0 Invocations
 + Level 12.4 Evocations


You had 40 spell levels left.
You knew the following spells:

 Your Spells              Type           Power        Failure   Level  Hunger
a - Statue Form           Tmut/Erth      ###......    36%         6    #######
b - Confusing Touch       Hex            #.....       16%         1    None

Your spell library contained the following spells:

 Spells                   Type           Power        Failure   Level  Hunger
 Beastly Appendage        Tmut           ###...       1%          1    None
 Sandblast                Erth           ###...       1%          1    None
 Passwall                 Tmut/Erth      ###.....     1%          2    None
 Sticks to Snakes         Tmut           ###.....     1%          2    None
 Petrify                  Tmut/Erth      ###.....     1%          4    ####...
 Spider Form              Tmut/Pois      #.........   4%          3    ##.....
 Stone Arrow              Conj/Erth      #.....       4%          3    ##.....
 Blade Hands              Tmut           ###.......   5%          5    #####..
 Lee's Rapid Deconstruct  Erth           ###.......   5%          5    #####..
 Ignite Poison            Fire/Tmut/Pois #.......     11%         3    ##.....
 Animate Skeleton         Necr           N/A          16%         1    None
 Apportation              Tloc           #.....       16%         1    None
 Corona                   Hex            #......      16%         1    None
 Flame Tongue             Conj/Fire      #....        16%         1    None
 Freeze                   Ice            #...         16%         1    None
 Infusion                 Chrm           #...         16%         1    None
 Magic Dart               Conj           #...         16%         1    None
 Pain                     Necr           #...         16%         1    None
 Shock                    Conj/Air       #...         16%         1    None
 Sting                    Conj/Pois      #...         16%         1    None
 Summon Butterflies       Summ           #.......     16%         1    None
 Summon Small Mammal      Summ           #...         16%         1    None
 Ice Form                 Ice/Tmut       #.......     19%         4    ####...
 Leda's Liquefaction      Hex/Erth       #.........   19%         4    ####...
 Call Imp                 Summ           #.......     24%         2    None
 Corpse Rot               Necr           N/A          24%         2    None
 Ensorcelled Hibernation  Hex/Ice        #.....       24%         2    None
 Poisonous Vapours        Pois/Air       #.....       24%         2    None
 Searing Ray              Conj           #.....       24%         2    None
 Shroud of Golubria       Chrm/Tloc      #.........   24%         2    None
 Slow                     Hex            #.......     24%         2    None
 Song of Slaying          Chrm           #.......     24%         2    None
 Sublimation of Blood     Necr           #.........   24%         2    None
 Swiftness                Chrm/Air       #.......     24%         2    None
 Throw Flame              Conj/Fire      #.....       24%         2    None
 Throw Frost              Conj/Ice       #.....       24%         2    None
 Hydra Form               Tmut           ###.......   36%         6    #######
 Call Canine Familiar     Summ           #.......     45%         3    ##.....
 Confuse                  Hex            #.......     45%         3    ##.....
 Conjure Flame            Conj/Fire      #.......     45%         3    ##.....
 Dazzling Spray           Conj/Hex       #.....       45%         3    ##.....
 Gell's Gravitas          Tloc           #.........   45%         3    ##.....
 Inner Flame              Hex/Fire       #.......     45%         3    ##.....
 Lesser Beckoning         Tloc           #.........   45%         3    ##.....
 Mephitic Cloud           Conj/Pois/Air  #.......     45%         3    ##.....
 Ozocubu's Armour         Chrm/Ice       #.......     45%         3    ##.....
 Portal Projectile        Hex/Tloc       #.....       45%         3    ##.....
 Recall                   Summ/Tloc      N/A          45%         3    ##.....
 Regeneration             Chrm/Necr      #.........   45%         3    ##.....
 Spectral Weapon          Hex/Chrm       #.......     45%         3    ##.....
 Static Discharge         Conj/Air       #.......     45%         3    ##.....
 Summon Guardian Golem    Hex/Summ       #.......     45%         3    ##.....
 Tukima's Dance           Hex            #.......     45%         3    ##.....
 Vampiric Draining        Necr           #.........   45%         3    ##.....
 Alistair's Intoxication  Tmut/Pois      #.......     50%         5    #####..
 Borgnjor's Vile Clutch   Necr/Erth      #.........   50%         5    #####..
 Irradiate                Conj/Tmut      #.........   50%         5    #####..
 Yara's Violent Unravell  Hex/Tmut       #.........   50%         5    #####..
 Bolt of Magma            Conj/Fire/Erth #.........   77%         5    #####..
 Airstrike                Air            #.........   87%         4    ####...
 Animate Dead             Necr           N/A          87%         4    ####...
 Force Lance              Conj/Tloc      #.......     87%         4    ####...
 Fulminant Prism          Conj/Hex       #.........   87%         4    ####...
 Iskenderun's Mystic Bla  Conj           #.......     87%         4    ####...
 Olgreb's Toxic Radiance  Pois           #.......     87%         4    ####...
 Passage of Golubria      Tloc           N/A          87%         4    ####...
 Sticky Flame             Conj/Fire      #.......     87%         4    ####...
 Summon Ice Beast         Ice/Summ       #.......     87%         4    ####...
 Summon Lightning Spire   Summ/Air       #.......     87%         4    ####...
 Throw Icicle             Conj/Ice       #.......     87%         4    ####...
 Dragon Form              Tmut           ###.......   92%         7    #######
 Iron Shot                Conj/Erth      #.........   98%         6    #######
 Agony                    Necr           #.......     99%         5    #####..
 Aura of Abjuration       Summ           #.........   99%         5    #####..
 Bolt of Draining         Conj/Necr      #.........   99%         5    #####..
 Dispel Undead            Necr           #.......     99%         5    #####..
 Excruciating Wounds      Chrm/Necr      #.........   99%         5    #####..
 Fireball                 Conj/Fire      #.........   99%         5    #####..
 Iskenderun's Battlesphe  Conj/Chrm      #.......     99%         5    #####..
 Lightning Bolt           Conj/Air       #.........   99%         5    #####..
 Metabolic Englaciation   Hex/Ice        #.........   99%         5    #####..
 Silence                  Hex/Air        #.........   99%         5    #####..
 Summon Forest            Summ/Tloc      #.........   99%         5    #####..
 Venom Bolt               Conj/Pois      #.........   99%         5    #####..
 Bolt of Cold             Conj/Ice       #.........   100%        6    #######
 Bolt of Fire             Conj/Fire      #.........   100%        6    #######
 Conjure Ball Lightning   Conj/Air       #.........   100%        6    #######
 Darkness                 Hex            #.........   100%        6    #######
 Death Channel            Necr           #.........   100%        6    #######
 Deflect Missiles         Chrm/Air       #.........   100%        6    #######
 Freezing Cloud           Conj/Ice/Air   #.........   100%        6    #######
 Invisibility             Hex            #.......     100%        6    #######
 Ozocubu's Refrigeration  Ice            #.........   100%        6    #######
 Shadow Creatures         Summ           N/A          100%        6    #######
 Simulacrum               Ice/Necr       #.........   100%        6    #######
 Malign Gateway           Summ/Tloc      #.........   100%        7    #######
 Orb of Destruction       Conj           #.........   100%        7    #######
 Ring of Flames           Chrm/Fire      #.........   100%        7    #######
 Spellforged Servitor     Conj/Summ      #.........   100%        7    #######
 Summon Hydra             Summ           #.........   100%        7    #######
 Death's Door             Chrm/Necr      #.........   100%        8    #######
 Disjunction              Tloc           #.........   100%        8    #######
 Ignition                 Fire           #.........   100%        8    #######
 Shatter                  Erth           ###.......   100%        9    #######
 Tornado                  Air            #.........   100%        9    #######


Dungeon Overview and Level Annotations

Branches:
Dungeon (15/15)            Temple (1/1) D:5            Lair (6/6) D:10
  Swamp (4/4) Lair:3        Snake (4/4) Lair:4        Slime (5/5) Lair:5
    Orc (2/2) D:9             Elf (3/3) Orc:2        Vaults (5/5) D:13
  Crypt (3/3) Vaults:2       Tomb (2/3) Crypt:3      Depths (5/5) D:15
   Hell (1/1)                 Dis (0/7) Hell            Geh (7/7) Hell
    Coc (0/7) Hell            Tar (1/7) Hell            Zot (0/5) Depths:5

Altars:
Ashenzari
Cheibriados
Dithmenos
Elyvilon
Fedhas
Gozag
Hepliaklqana
Kikubaaqudgha
Makhleb
Nemelex Xobeh
Okawaru
Qazlal
Ru
Sif Muna
Trog
Uskayaw
Vehumet
Wu Jian
Xom
Yredelemnul
Zin
The Shining One
Beogh
Jiyva

Shops:
D:9 *   D:13 (   D:15 *   Orc:2 %:%(   Elf:1 (   Vaults:2 %=   Vaults:3 *
Vaults:4 [   Depths:4 (

Portals:
Hell: Depths:1 Depths:2 Depths:3 Depths:4 Depths:5
Abyss: Depths:1 Depths:2 Depths:4
Pandemonium: Orc:2 Depths:2 Depths:3
Ziggurat: Depths:5

Annotations:
D:11 Treasure, 3 pot of res
Depths:4 1 transporter


Innate Abilities, Weirdness & Mutations

You reflexively headbutt those who attack you in melee.
You have a pair of horns on your head.
You tend to lose your temper in combat.
Scrolls take you a little longer to read.
You are very clumsy. (Dex -4)
Armour fits poorly on your strangely shaped body.
You are very dopey. (Int -4)
You are very frail. (-20% HP)
Your magical capacity is low. (-10% MP)
You are weak. (Str -2)
Potions are less effective at restoring your health.
Your spells are easier to cast, but less powerful.


Message History

The damnation engulfs the Brimstone Fiend.
The Brimstone Fiend completely resists.
Blink to where?
Press: ? - help, Dir - move target cursor You are very lightly contaminated with residual magic.
As you read the scroll of blinking, it crumbles to dust.
You close the huge gate.
You start resting.
Your surroundings suddenly seem different.
A lich comes into view.
The lich shouts!
A molten gargoyle comes into view. It is wielding a +0 mace.
Okay, then.
The lich casts a spell.
The lich seems to speed up.
You slice the lich!!
The lich convulses!
Your headbutt misses the lich.
The lich is heavily damaged.
The lich gestures at you while chanting.
The bolt of acid hits you!!
You die...

......≈≈≈≈≈§........≈§≈##
..§§§§≈≈§§§≈.........≈≈##
....≈§§≈≈≈≈...........≈##
...§§≈ ≈≈≈≈.≈§§......≈§##
≈≈≈≈...^...§§§§##
≈≈≈≈..§......§§##
≈≈≈≈........≈≈≈#
≈§≈..........≈§#
≈≈.....@L...§≈#
§...........§§≈#
≈§........§§.§≈#
≈.........§≈.≈§#
....9.....§.§§≈#
......§≈....≈§≈#
.......≈≈...≈§ #
....≈≈≈≈§§.§≈§


You could see a lich and a molten gargoyle.

Vanquished Creatures
  the Royal Jelly (Slime:5)
  5 ancient liches
  Mara (Tomb:1)
  2 juggernauts
  6 greater mummies
  Sojobo (Depths:4)
  Bai Suzhen (Elf:3)
  Saint Roka (Vaults:1)
  Geryon (Hell)
  2 curse toes (Crypt:3)
  A caustic shrike (Depths:3)
  2 golden dragons
  The ghost of Ukiefoc the Devastator, an adept DrFE of Vehumet (Vaults:1)
  Vashnia (Snake:2)
  Jory (Vaults:5)
  The ghost of Misu the Devastator, a veteran GrEE of Lugonu (Crypt:2)
  5 bone dragons
  A Tzitzimitl (Tar:1)
  22 Brimstone Fiends
  3 doom hounds (Tar:1)
  11 liches
  The ghost of zoidberg28 the Slayer, an adept MiGl of Makhleb (Snake:3)
  5 tentacled monstrosities
  2 deep elf master archers (Elf:3)
  8 titans
  Rupert (D:14)
  A quicksilver dragon (Vaults:5)
  2 deep elf blademasters
  27 acid blobs
  4 eldritch tentacles
  11 sphinxes
  7 thorn hunters
  8 tengu reavers
  3 storm dragons (Vaults:5)
  8 ancient champions
  11 azure jellies
  Roxanne (Snake:2)
  3 revenants
  7 shadow dragons
  13 nagarajas
  12 fire giants
  9 frost giants
  A ghost moth (shapeshifter) (Depths:3)
  16 balrugs
  14 vault wardens
  7 deep elf sorcerers
  Aizul (Elf:1)
  A draconian shifter (Depths:5)
  5 spriggan defenders
  A ghoul (Vaults:3)
  24 reapers
  2 curse skulls
  13 ironheart preservers
  25 very ugly things
  7 deep elf elementalists
  An entropy weaver (Vaults:2)
  28 stone giants
  3 war gargoyles
  9 vampire knights
  6 deep elf demonologists
  2 white draconians (Depths:5)
  A black draconian (Depths:5)
  12 deep elf annihilators
  2 bennus (Tomb:2)
  A red draconian (Depths:5)
  A dire elephant (shapeshifter) (Vaults:5)
  4 eidola
  2 lorocyprocas
  17 spark wasps
  14 mummy priests
  A green death (Hell)
  11 ettins
  Snorg (D:10)
  12 death oozes
  12 fire dragons
  2 blizzard demons (Hell)
  12 jiangshi
  Josephine (D:12)
  10 deep elf death magi
  4 deep elf high priests
  9 quicksilver dragon zombies
  13 ogre magi
  6 quicksilver dragon skeletons
  15 yaktaur captains
  15 great orbs of eyes
  2 rakshasas
  11 ice dragons
  28 hydras
  A hydra (shapeshifter) (Depths:3)
  Erica (D:8)
  A ghost crab (Swamp:4)
  19 naga warriors
  5 spriggan air magi
  7 anacondas
  A catoblepas (Lair:4)
  A shambling mangrove (Swamp:3)
  10 centaur warriors
  2 hell beasts
  31 vault guards
  27 dancing weapons
  A queen ant (Lair:2)
  25 two-headed ogres
  13 alligators
  59 hell hogs
  7 vampire magi
  6 titan zombies
  16 death yaks
  8 orc high priests
  6 deep troll shamans
  13 tengu warriors
  9 death knights
  15 deep troll earth magi
  2 storm dragon zombies
  7 spriggan berserkers
  4 shock serpents
  10 soul eaters
  13 naga sharpshooters
  94 hell knights
  3 iron golems
  17 deep elf knights
  2 fire crabs
  5 titan skeletons
  4 salamander mystics
  29 sun demons
  2 iron trolls (Depths:1)
  55 skeletal warriors
  3 glowing orange brains
  A death drake (shapeshifter) (D:13)
  A fire crab (shapeshifter) (Vaults:2)
  3 unseen horrors
  3 storm dragon skeletons
  14 flayed ghosts
  A glowing orange brain (shapeshifter) (Depths:3)
  4 spriggan druids (Swamp:3)
  43 deep trolls
  3 golden dragon zombies
  2 gelid demonspawn (Orc:2)
  2 shadow demons (Tar:1)
  A ghost moth zombie (Geh:6)
  8 swamp dragons
  11 naga ritualists
  7 wizards
  8 anaconda zombies
  2 infernal demonspawn (Depths:2)
  4 harpies (Vaults:5)
  16 deep elf archers
  5 golden dragon skeletons
  7 anaconda skeletons
  16 ironbrand convokers
  4 shadow dragon zombies
  10 orc knights
  3 wolf spider zombies
  A sphinx zombie (Depths:4)
  2 stone giant zombies
  27 necromancers
  7 wolf spiders
  62 deep elf magi
  7 shining eyes
  6 frost giant zombies
  18 mana vipers
  17 phantasmal warriors
  A mana viper (shapeshifter) (Vaults:5)
  3 manticores
  13 cyclopes
  A tengu skeleton (Vaults:2)
  48 ugly things
  3 iron dragon zombies
  A sphinx skeleton (Vaults:2)
  6 orc sorcerers
  4 fire giant zombies
  Joseph (D:8)
  3 eyes of devastation
  16 salamanders
  6 shadow dragon skeletons
  3 shock serpent zombies
  4 iron dragon skeletons
  5 frost giant skeletons
  10 guardian serpents
  34 black mambas
  6 stone giant skeletons
  Maurice (D:8)
  3 fire giant skeletons
  3 ice statues
  15 naga magi
  12 rust devils
  5 smoke demons
  13 dire elephant zombies
  2 black mambas (shapeshifter)
  15 vault sentinels
  A torpor snail (Lair:5)
  A gargoyle (D:11)
  A water nymph (shapeshifter) (Vaults:4)
  An orange demon (Depths:2)
  A shock serpent skeleton (Geh:1)
  A storm dragon simulacrum (Crypt:1)
  A purple draconian zombie (Geh:6)
  A torpor snail (shapeshifter) (Vaults:5)
  6 molten gargoyles
  A catoblepas zombie (Geh:4)
  15 spiny frogs
  A rime drake (shapeshifter) (Depths:3)
  3 rime drakes
  2 dire elephant skeletons
  An emperor scorpion zombie (Geh:6)
  7 ice devils
  50 yaktaurs
  31 hellions
  7 efreet
  2 yaktaur zombies
  12 freezing wraiths
  9 komodo dragons
  A demonic crawler (Hell)
  A small abomination (Elf:3)
  A yaktaur (shapeshifter) (D:13)
  A green draconian skeleton (Crypt:2)
  30 guardian mummies
  13 tormentors
  A minotaur skeleton (Crypt:3)
  A death yak skeleton (Crypt:1)
  2 hellwings (Depths:2)
  40 red devils
  6 hydra zombies
  7 trolls
  A meliai (D:13)
  A jumping spider (Vaults:2)
  6 tengu conjurers
  20 polar bears
  5 tyrant leeches
  A queen bee (Depths:3)
  7 hydra skeletons
  A harpy zombie (Geh:1)
  18 hornets
  9 hippogriffs
  A raiju (shapeshifter) (D:13)
  A meliai zombie (Crypt:2)
  144 slime creatures
  6 bog bodies
  4 dream sheep
  10 blink frogs
  A harpy skeleton (Geh:5)
  Prince Ribbit (Lair:3)
  4 ettin zombies
  An alligator zombie (Hell)
  3 ice dragon zombies
  A blink frog (shapeshifter) (Vaults:3)
  2 fire dragon zombies
  A frost giant simulacrum (Vaults:2)
  Sigmund (D:5)
  2 sphinx simulacra (Vaults:2)
  5 air elementals
  A centaur simulacrum (D:15)
  112 flying skulls
  4 ice dragon skeletons
  3 redbacks (Vaults:2)
  A redback (shapeshifter) (Vaults:5)
  21 spriggans
  37 wraiths
  8 water elementals
  16 shadows
  A tarantella (shapeshifter) (Depths:3)
  10 ushabtiu
  A vampire (D:13)
  9 ettin skeletons
  A wyvern (Lair:4)
  2 alligator skeletons
  3 fire dragon skeletons
  A black mamba skeleton (Crypt:1)
  55 yaks
  Grum (D:8)
  Eustachio (D:5)
  A fire bat (shapeshifter) (Vaults:3)
  4 golden eyes (Slime:1)
  A yak (shapeshifter) (Vaults:4)
  49 fire elementals
  2 fire bats (Geh:5)
  A steam dragon (shapeshifter) (Elf:3)
  2 hungry ghosts
  11 vampire mosquitoes
  2 basilisks
  Menkaure (D:5)
  Edmund (D:4)
  18 swamp worms
  An acid dragon (D:13)
  4 wargs
  56 nagas
  A naga (shapeshifter) (Vaults:1)
  21 soldier ants
  6 insubstantial wisps (Swamp:3)
  3 spiny frog zombies
  A merfolk zombie (Geh:4)
  Duvessa (D:4)
  A monstrous demonspawn skeleton (Hell)
  11 porcupines
  A deep troll skeleton (Crypt:1)
  68 hell hounds
  2 hydra simulacra (Hell)
  A floating eye (Slime:5)
  15 swamp drakes
  3 ice beasts
  12 water moccasins
  37 orc warriors
  3 snapping turtle zombies
  An eye of draining (shapeshifter) (Vaults:4)
  4 sky beasts
  9 black bears
  19 necrophages
  A spiny frog skeleton (Hell)
  A swamp dragon zombie (Geh:1)
  9 phantoms
  8 eyes of draining
  27 ogres
  47 wolves
  17 centaurs
  3 manticore skeletons
  2 snapping turtle skeletons
  9 boggarts
  A swamp dragon skeleton (Geh:1)
  11 crocodiles
  An elf simulacrum (Depths:4)
  A torpor snail zombie (Crypt:3)
  2 orc skeletons
  12 bullfrogs
  5 big kobolds
  An elf zombie (Geh:7)
  A rime drake skeleton (Crypt:3)
  2 earth elementals
  A wyvern skeleton (Crypt:1)
  Dowan (D:4)
  5 scorpions
  19 killer bees (Depths:3)
  3 troll zombies
  A warg skeleton (Crypt:1)
  3 spriggan skeletons
  3 troll skeletons
  81 wights
  3 electric eels
  4 howler monkeys
  12 crimson imps
  3 quasits
  Crazy Yiuf (D:4)
  4 centaur zombies
  2 human zombies (Ossuary)
  An iron imp (Depths:2)
  4 jellies
  32 orc priests
  A demonspawn zombie (Crypt:2)
  9 hounds
  A bullfrog skeleton (D:8)
  4 bullfrog zombies
  4 centaur skeletons
  20 orc wizards
  2 human skeletons
  4 iguanas
  Natasha (D:3)
  27 worker ants
  A porcupine skeleton (Crypt:1)
  A dwarf zombie (Crypt:3)
  2 tengu zombies
  3 big kobold zombies (Ossuary)
  2 naga zombies
  An ogre zombie (Geh:4)
  2 hound skeletons
  42 mummies
  4 worker ant zombies
  2 howler monkey skeletons
  15 adders
  3 shadow imps
  2 white imps (Depths:2)
  2 ufetubi (Depths:2)
  2 adder zombies (D:6)
  6 adder skeletons
  A halfling skeleton (Crypt:2)
  3 worms
  3 dart slugs
  3 leopard geckos
  90 orcs
  A bat zombie (Crypt:1)
  5 giant cockroaches
  4 gnoll zombies (Ossuary)
  3 goblins
  10 hobgoblins
  7 jackals
  16 kobolds
  6 quokkas
  8 bats
  7 frilled lizards
  A gnoll skeleton (Crypt:1)
  3 goblin zombies (Ossuary)
  2 hobgoblin zombies (Ossuary)
  A jackal zombie (Crypt:3)
  A kobold skeleton (Geh:5)
  A quokka skeleton (D:8)
  7 rats
  6 briar patches (Swamp:4)
  2 crawling corpses (Elf:3)
  2 fire vortices (Geh:1)
  7 fungi
3581 creatures vanquished.

Vanquished Creatures (others)
  An eldritch tentacle (Geh:3)
  A fire giant (Depths:1)
  3 hell hogs
  2 deep elf knights
  A deep elf archer (Elf:1)
  2 deep elf magi (Elf:1)
  A polar bear (IceCv)
  A wraith (Geh:7)
  A flying skull (Geh:7)
  An ogre (Vaults:1)
  A boggart (Vaults:2)
  6 wights
  A centaur skeleton (Geh:6)
  A mummy (Tomb:2)
  A shadow imp (Tar:1)
  7 briar patches (Swamp:4)
  16 fungi
  A plant (Lair:4)
48 creatures vanquished.

Grand Total: 3629 creatures vanquished

Notes
Turn   | Place    | Note
-------+----------+-------------------------------------------
     0 | D:1      | Lysie the Minotaur Fighter began the quest for the Orb.
     0 | D:1      | Reached XP level 1. HP: 19/19 MP: 0/0
    93 | D:1      | Reached XP level 2. HP: 20/26 MP: 1/1
   679 | D:2      | Found a blossoming altar of Fedhas.
   803 | D:2      | Reached XP level 3. HP: 29/31 MP: 2/2
  1093 | D:2      | Reached skill level 5 in Axes
  1116 | D:2      | Reached XP level 4. HP: 39/39 MP: 3/3
  1646 | D:3      | You fall through a shaft for 3 floors!
  1648 | D:6      | Noticed a komodo dragon
  1734 | D:6      | Reached XP level 5. HP: 31/45 MP: 4/4
  1834 | D:5      | Entered Level 5 of the Dungeon
  1868 | D:4      | Found an opulent altar of Gozag.
  1868 | D:4      | Found a glowing silver altar of Zin.
  1868 | D:4      | Noticed Edmund
  1874 | D:4      | Found a sacrificial altar of Ru.
  1892 | D:4      | Killed Edmund
  1892 | D:4      | Reached XP level 6. HP: 44/51 MP: 5/5
  2176 | D:5      | Found a basalt altar of Yredelemnul.
  2178 | D:5      | Noticed a profane servitor
  2188 | D:5      | Found a glowing golden altar of the Shining One.
  2190 | D:5      | Noticed an angel
  2379 | D:5      | Found a burning altar of Makhleb.
  2393 | D:5      | Found a staircase to the Ecumenical Temple.
  2400 | Temple   | Entered the Ecumenical Temple
  2407 | Temple   | Became a worshipper of Warmaster Okawaru
  2658 | D:5      | Noticed Eustachio
  2676 | D:5      | Killed Eustachio
  2676 | D:5      | Reached XP level 7. HP: 53/57 MP: 6/6
  2682 | D:5      | Noticed Menkaure
  2697 | D:5      | Killed Menkaure
  2738 | D:5      | Noticed Sigmund
  2923 | D:5      | Killed Sigmund
  2923 | D:5      | Reached * piety under Okawaru
  2923 | D:5      | Reached skill level 10 in Axes
  3334 | D:4      | Found an ancient bone altar of Kikubaaqudgha.
  3336 | D:4      | Found a shimmering altar of Xom.
  3460 | D:4      | Reached XP level 8. HP: 53/66 MP: 7/7
  3479 | D:4      | Noticed Duvessa
  3479 | D:4      | Noticed Dowan
  3484 | D:4      | Killed Dowan
  3492 | D:4      | Killed Duvessa
  3917 | D:3      | Noticed Natasha
  3921 | D:3      | Killed Natasha
  4231 | D:4      | Found a shattered altar of Ashenzari.
  4267 | D:4      | Reached skill level 5 in Fighting
  4267 | D:4      | Reached skill level 5 in Armour
  4267 | D:4      | Reached skill level 5 in Shields
  4270 | D:4      | Found a hide-covered altar of Uskayaw.
  4771 | D:4      | Reached ** piety under Okawaru
  4885 | D:4      | Found a runed translucent door.
  4886 | D:4      | Noticed Crazy Yiuf
  5005 | D:4      | Killed Crazy Yiuf
  5167 | D:6      | Found a shadowy altar of Dithmenos.
  5196 | D:6      | Reached XP level 9. HP: 75/75 MP: 8/8
  5412 | D:6      | Killed a komodo dragon
  5849 | D:7      | Reached *** piety under Okawaru
  6709 | D:8      | Reached **** piety under Okawaru
  6747 | D:8      | Found a sand-covered staircase.
  6761 | Ossuary  | Entered an ossuary
  6943 | D:8      | Noticed Maurice
  6956 | D:8      | Found a bloodstained altar of Trog.
  6959 | D:8      | Killed Maurice
  6959 | D:8      | Reached XP level 10. HP: 90/90 MP: 6/9
  6972 | D:8      | Noticed Joseph
  6984 | D:8      | Killed Joseph
  7080 | D:8      | Identified the +4 hand axe of Ruhy Epni {elec, rPois}
  7115 | D:8      | Noticed Grum
  7135 | D:8      | Killed Grum
  7135 | D:8      | Reached ***** piety under Okawaru
  7183 | D:8      | Found a snail-covered altar of Cheibriados.
  7350 | D:8      | Noticed Erica
  7359 | D:8      | Killed Erica
  7836 | D:9      | Found a staircase to the Orcish Mines.
  8011 | D:9      | Found Logiyqyl's General Store.
  8019 | D:9      | Bought a scroll of enchant weapon for 120 gold pieces
  8019 | D:9      | Bought a scroll of identify for 32 gold pieces
  8227 | D:9      | Received a gift from Okawaru
  8229 | D:9      | Reached skill level 10 in Fighting
  8229 | D:9      | Reached skill level 10 in Armour
  8229 | D:9      | Reached skill level 10 in Shields
  8235 | D:9      | Got a pair of jewelled boots {god gift}
  8257 | D:8      | Identified the +0 pair of boots of the Komtur {-Cast Dex+5
                  | SInv} (Okawaru gifted it to you on level 9 of the Dungeon)
  8280 | D:9      | Found a roughly hewn altar of Beogh.
  8574 | D:10     | Entered Level 10 of the Dungeon
  8609 | D:10     | Noticed a two-headed ogre
  8615 | D:10     | Reached skill level 1 in Invocations
  8622 | D:10     | Killed a two-headed ogre
  8655 | D:10     | Reached XP level 11. HP: 90/101 MP: 6/12
  8681 | D:10     | Found a staircase to the Lair.
  8787 | D:10     | Noticed Snorg
  8799 | D:10     | Killed Snorg
  9225 | D:10     | Reached skill level 5 in Invocations
  9269 | D:10     | Noticed an unseen horror
  9281 | D:10     | Killed an unseen horror
  9470 | D:10     | Received a gift from Okawaru
  9601 | D:10     | Noticed a three-headed hydra
  9608 | D:10     | Killed a three-headed hydra
  9894 | D:11     | Noticed an eight-headed hydra
 10107 | Lair:1   | Entered Level 1 of the Lair of Beasts
 10971 | Lair:2   | Reached XP level 12. HP: 115/115 MP: 16/16
 11472 | Lair:2   | Noticed a queen ant
 11487 | Lair:2   | Killed a queen ant
 12288 | Lair:3   | Found a staircase to the Swamp.
 12386 | Lair:3   | Noticed a six-headed hydra
 12713 | Lair:2   | Killed an eight-headed hydra
 12798 | Lair:3   | Noticed Prince Ribbit
 12803 | Lair:3   | Killed Prince Ribbit
 12809 | Lair:3   | Received a gift from Okawaru
 12816 | Lair:3   | Got a jewelled hat {god gift}
 12839 | Lair:3   | Identified the +1 hat of the Cricket {rPois rN++ Slay+3
                  | Stlth-} (Okawaru gifted it to you on level 3 of the Lair of
                  | Beasts)
 13584 | Lair:4   | Noticed a catoblepas
 13592 | Lair:4   | Killed a catoblepas
 13592 | Lair:4   | Noticed a seven-headed hydra
 13711 | Lair:4   | Found a staircase to the Snake Pit.
 13778 | Lair:4   | Killed a seven-headed hydra
 14082 | Lair:4   | Reached XP level 13. HP: 125/125 MP: 18/18
 14467 | Lair:5   | Reached skill level 15 in Fighting
 14635 | Lair:5   | Found a staircase to the Slime Pits.
 15096 | Lair:6   | Entered Level 6 of the Lair of Beasts
 15213 | Lair:6   | Received a gift from Okawaru
 15547 | Lair:6   | Got an ichor-stained chain mail
 15735 | Lair:6   | Reached XP level 14. HP: 144/144 MP: 11/19
 15822 | Lair:6   | Paralysed by a hornet for 3 turns
 15894 | Lair:6   | Identified the Tome of Orientation and the Frostbite
 16445 | D:11     | Received a gift from Okawaru
 16654 | D:11     | Identified the cursed +1 chain mail of the Moon Troll
                  | {Dex+5} (You found it on level 6 of the Lair of Beasts)
 16884 | D:11     | Found a portal to a secret trove of treasure.
 17063 | D:12     | Noticed Josephine
 17076 | D:12     | Killed Josephine
 17586 | D:13     | Found a gate to the Vaults.
 17659 | D:13     | Received a gift from Okawaru
 17662 | D:13     | Paralysed by an ogre mage for 4 turns
 18046 | D:13     | Found Tadway's Antique Weapon Emporium.
 18097 | D:13     | Got a crude double sword {god gift}
 18098 | D:13     | Identified the +1 double sword of Outrage {freeze, Str+8}
                  | (Okawaru gifted it to you on level 13 of the Dungeon)
 18473 | D:13     | Identified a scroll of acquirement
 18575 | D:13     | Got a brightly glowing halberd
 18576 | D:13     | Identified the +9 halberd "Buloung" {chop, rPois rF++} (You
                  | found it on level 13 of the Dungeon)
 18865 | Orc:1    | Entered Level 1 of the Orcish Mines
 18933 | Orc:1    | Found a frozen archway.
 18945 | Orc:1    | Reached XP level 15. HP: 115/155 MP: 12/20
 18990 | IceCv    | Entered an ice cave
 19213 | IceCv    | Received a gift from Okawaru
 19230 | IceCv    | Got a faintly glowing troll leather armour {god gift}
 19388 | IceCv    | Noticed a frost giant
 19412 | IceCv    | Killed a frost giant
 19419 | IceCv    | Found the +2 hat of the Bear Spirit {Spirit, +Rage rN+
                  | MR++}
 19840 | Orc:1    | Identified the +0 troll leather armour of the Iron Devil
                  | {rF+ Regen+} (Okawaru gifted it to you in an ice cave)
 20149 | Orc:1    | Found a roughly hewn altar of Beogh.
 20513 | Orc:2    | Entered Level 2 of the Orcish Mines
 20593 | Orc:2    | Found a staircase to the Elven Halls.
 20925 | Orc:2    | Found Cuzi's Food Boutique.
 20946 | Orc:2    | Found Avoxey's Food Shop.
 21328 | Orc:2    | Found Afreidyura's Antique Weapon Shoppe.
 21328 | Orc:2    | Found Lisizau's Book Emporium.
 21328 | Orc:2    | Found a one-way gate leading to the halls of Pandemonium.
 21842 | D:14     | Found a deep blue altar of Sif Muna.
 22134 | D:14     | Received a gift from Okawaru
 22146 | D:14     | Reached skill level 15 in Shields
 22244 | D:14     | Found a large runed translucent door.
 22244 | D:14     | Found a large runed translucent door.
 22541 | D:14     | Noticed Rupert
 22564 | D:14     | Killed Rupert
 22564 | D:14     | Reached XP level 16. HP: 168/168 MP: 12/21
 22874 | D:15     | Entered Level 15 of the Dungeon
 22977 | D:15     | Found a staircase to the Depths.
 23275 | D:15     | Received a gift from Okawaru
 23316 | D:15     | Found an opulent altar of Gozag.
 23320 | D:15     | Found Gozag's Platinum Reserve.
 23706 | Swamp:1  | Entered Level 1 of the Swamp
 24504 | Swamp:2  | Noticed a thorn hunter
 24525 | Swamp:2  | Killed a thorn hunter
 24642 | Swamp:2  | Got a warped glaive
 24643 | Swamp:2  | Identified the +9 glaive "Nonuxt" {chop, *Contam rN++ Str+4
                  | Stlth+} (You found it on level 2 of the Swamp)
 24683 | Swamp:2  | Noticed a thorn hunter
 24696 | Swamp:2  | Killed a thorn hunter
 24743 | Swamp:2  | Received a gift from Okawaru
 26145 | Swamp:4  | Entered Level 4 of the Swamp
 26395 | Swamp:4  | Noticed a thorn hunter
 26412 | Swamp:4  | Killed a thorn hunter
 26445 | Swamp:4  | Reached XP level 17. HP: 137/176 MP: 19/22
 26545 | Swamp:4  | Received a gift from Okawaru
 26762 | Swamp:4  | Got a decaying rune of Zot
 27211 | Elf:1    | Entered Level 1 of the Elven Halls
 27314 | Elf:1    | Received a gift from Okawaru
 27355 | Elf:1    | Got an encrusted plate armour {god gift}
 27356 | Elf:1    | Identified the +10 plate armour of Okawaru {Dex+4} (Okawaru
                  | gifted it to you on level 1 of the Elven Halls)
 27546 | Elf:1    | Found Panta's Antique Weapon Shoppe.
 27558 | Elf:1    | Bought a slimy hand axe for 312 gold pieces
 27558 | Elf:1    | Identified the +2 hand axe of Fiaruloch {chop, +Blink} (You
                  | bought it in a shop on level 1 of the Elven Halls)
 27646 | Elf:1    | Noticed Aizul
 27661 | Elf:1    | Killed Aizul
 27781 | Elf:1    | Identified the Incunabulum of Combat Magic and the
                  | Entourage
 28316 | Elf:2    | Found a huge runed translucent gate.
 28316 | Elf:2    | Found a huge runed translucent gate.
 28316 | Elf:2    | Found a huge runed translucent gate.
 28316 | Elf:2    | Found a huge runed translucent gate.
 28317 | Elf:2    | Found a huge runed translucent gate.
 28790 | Elf:2    | Noticed a deep elf blademaster
 28809 | Elf:2    | Killed a deep elf blademaster
 28839 | Elf:2    | Reached XP level 18. HP: 140/183 MP: 19/23
 29029 | Elf:2    | Received a gift from Okawaru
 29163 | Elf:3    | Entered Level 3 of the Elven Halls
 29346 | Elf:3    | Noticed Bai Suzhen
 29376 | Elf:3    | Killed Bai Suzhen
 30229 | Elf:3    | Received a gift from Okawaru
 30350 | Elf:3    | Identified the ring of Veov {rElec rN++ Int+4 Slay+3}
 30351 | Elf:3    | Identified the amulet "Dibuxaul" {Faith *Slow rElec Str+5
                  | Slay+2}
 30391 | Elf:3    | Identified the ring "Dairolou" {rC+ MR+ Str+4}
 30442 | Elf:3    | Identified the ring "Sischircho" {rPois rN+ Dex+2}
 30444 | Elf:3    | Identified the amulet of Kemmatu {Acrobat *Slow Dex+4
                  | Stlth+}
 30480 | Elf:3    | Identified the +9 flail "Udahel" {flame, rPois rC+}
 30741 | Elf:3    | Got a fine hunting sling
 30742 | Elf:3    | Identified the +10 hunting sling of Success {freeze, rC+}
                  | (You found it on level 3 of the Elven Halls)
 30774 | Elf:3    | Reached skill level 1 in Maces & Flails
 30828 | Elf:3    | Identified the Grimoire of the Excruciating Traveller
 31487 | Snake:1  | Entered Level 1 of the Snake Pit
 31505 | Snake:1  | Reached XP level 19. HP: 184/192 MP: 21/24
 32175 | Snake:2  | Noticed Vashnia
 32212 | Snake:2  | Killed Vashnia
 32212 | Snake:2  | Reached skill level 5 in Maces & Flails
 32433 | Snake:2  | Noticed Roxanne
 32446 | Snake:2  | Killed Roxanne
 32619 | Snake:2  | Received a gift from Okawaru
 33125 | Snake:3  | Noticed zoidberg28's ghost (adept MiGl)
 33184 | Snake:3  | Found a runed translucent gate.
 33184 | Snake:3  | Found a runed translucent gate.
 33186 | Snake:3  | Found a runed translucent gate.
 33265 | Snake:3  | Received a gift from Okawaru
 33342 | Snake:3  | Killed zoidberg28's ghost
 33382 | Snake:3  | Got a black opal-encrusted plate armour
 33383 | Snake:3  | Identified the +8 plate armour of Pasaox {Str+5} (You found
                  | it on level 3 of the Snake Pit)
 33549 | Snake:3  | Received a gift from Okawaru
 34079 | Snake:4  | Entered Level 4 of the Snake Pit
 34090 | Snake:4  | Got a bloodstained plate armour
 34096 | Snake:4  | Identified the cursed +0 plate armour of Yesterday {Slay+3}
                  | (You found it on level 4 of the Snake Pit)
 34223 | Snake:4  | Reached skill level 10 in Maces & Flails
 34469 | Snake:4  | Received a gift from Okawaru
 34472 | Snake:4  | Got a crystal quarterstaff {god gift}
 34794 | Snake:4  | Reached XP level 20. HP: 204/206 MP: 22/25
 34808 | Snake:4  | Reached ****** piety under Okawaru
 35032 | Snake:4  | Received a gift from Okawaru
 35159 | Snake:4  | Got a serpentine rune of Zot
 35622 | Depths:1 | Entered Level 1 of the Depths
 35801 | Depths:1 | Found a gateway to Hell.
 35827 | Depths:1 | Found a one-way gate to the infinite horrors of the Abyss.
 36095 | Depths:1 | Reached skill level 27 in Fighting
 36353 | Depths:1 | Received a gift from Okawaru
 36708 | Depths:1 | Identified the +8 quarterstaff of Moanomu {antimagic, rC+
                  | Int+6} (Okawaru gifted it to you on level 4 of the Snake
                  | Pit)
 36771 | Depths:2 | Received a gift from Okawaru
 36880 | Depths:2 | Received a gift from Okawaru
 36908 | Depths:2 | Reached XP level 21. HP: 210/224 MP: 26/26
 37506 | Depths:2 | Got a scorched pewter ring
 37507 | Depths:2 | Identified the ring "Kahyhufo" {+Inv rF+ Dex+5} (You found
                  | it on level 2 of the Depths)
 37878 | Depths:3 | Reached skill level 15 in Armour
 38112 | Depths:3 | Received a gift from Okawaru
 38874 | Depths:3 | Found a runed translucent door.
 39017 | Depths:3 | Noticed a caustic shrike
 39030 | Depths:3 | Killed a caustic shrike
 39055 | Depths:3 | Received a gift from Okawaru
 39218 | Depths:3 | Reached XP level 22. HP: 233/233 MP: 27/27
 39264 | Depths:3 | Noticed a golden dragon
 39275 | Depths:3 | Killed a golden dragon
 39275 | Depths:3 | Noticed a juggernaut
 39291 | Depths:3 | Killed a juggernaut
 39500 | Depths:3 | Got an ancient bardiche
 39506 | Depths:3 | Identified the +1 bardiche of Experimentation {holy,
                  | *Contam Int+6} (You found it on level 3 of the Depths)
 39654 | Depths:4 | Found Qotreino's Weapon Boutique.
 39697 | Depths:4 | Found a transporter.
 40055 | Depths:4 | Received a gift from Okawaru
 40372 | Depths:4 | Noticed Sojobo
 40387 | Depths:4 | Killed Sojobo
 40564 | Depths:4 | Found a transporter.
 40646 | Depths:4 | Noticed a juggernaut
 40646 | Depths:4 | Noticed a juggernaut
 40648 | Depths:4 | Noticed a golden dragon
 40652 | Depths:4 | Noticed a caustic shrike
 40684 | Depths:5 | Entered Level 5 of the Depths
 40748 | Depths:5 | Noticed a golden dragon
 40755 | Depths:5 | Killed a golden dragon
 40812 | Depths:5 | Found a gate to the Realm of Zot.
 40882 | Depths:5 | Found a gateway to a ziggurat.
 41104 | Depths:5 | Noticed a juggernaut
 41116 | Depths:5 | Killed a juggernaut
 41822 | Vaults:1 | Entered Level 1 of the Vaults
 41857 | Vaults:1 | Received a gift from Okawaru
 41859 | Vaults:1 | Reached XP level 23. HP: 240/240 MP: 28/28
 42319 | Vaults:1 | Found a runed translucent door.
 42321 | Vaults:1 | Noticed Ukiefoc's ghost (adept DrFE)
 42329 | Vaults:1 | Noticed Saint Roka
 42348 | Vaults:1 | Killed Saint Roka
 42843 | Vaults:1 | Killed Ukiefoc's ghost
 43128 | Vaults:2 | Received a gift from Okawaru
 43205 | Vaults:2 | Found Gudas's Food Boutique.
 43454 | Vaults:2 | Found a staircase to the Crypt.
 43556 | Vaults:2 | Found Poetoryutz's Jewellery Boutique.
 43701 | Vaults:2 | Reached skill level 15 in Maces & Flails
 44168 | Vaults:3 | Received a gift from Okawaru
 44183 | Vaults:3 | Got a twisted war axe {god gift}
 44185 | Vaults:3 | Identified the +6 war axe "Lupaluyc" {holy, rPois rF+ Int+3
                  | Stlth+} (Okawaru gifted it to you on level 3 of the Vaults)
 44894 | Vaults:3 | Found Wolorunt's General Store.
 44911 | Vaults:3 | Bought a scroll of identify for 26 gold pieces
 44911 | Vaults:3 | Bought a scroll of identify for 26 gold pieces
 44911 | Vaults:3 | Bought a scroll of identify for 26 gold pieces
 44911 | Vaults:3 | Bought a scroll of teleportation for 39 gold pieces
 45155 | Vaults:3 | Received a gift from Okawaru
 45720 | Vaults:4 | Reached XP level 24. HP: 236/249 MP: 28/28
 45808 | Vaults:4 | Found Kieng's Antique Armour Shop.
 45815 | Vaults:4 | Bought a pair of slimy gloves for 313 gold pieces
 45815 | Vaults:4 | Identified the -6 pair of gloves of Ohel {*Corrode rPois
                  | Int+3 Stlth+} (You bought it in a shop on level 4 of the
                  | Vaults)
 45819 | Vaults:4 | Bought warped storm dragon scales for 2805 gold pieces
 45819 | Vaults:4 | Identified the +7 storm dragon scales of Uppumat {rElec rN+
                  | Regen+} (You bought it in a shop on level 4 of the Vaults)
 46100 | Vaults:4 | Received a gift from Okawaru
 46479 | Vaults:5 | Entered Level 5 of the Vaults
 46545 | Vaults:5 | Received a gift from Okawaru
 46554 | Vaults:5 | Gained mutation: You are frail. (-10% HP) [a shining eye]
 46670 | Vaults:5 | Identified the ring "Xetociti" {MP+9 Dex+5}
 46678 | Vaults:5 | Identified the +6 long sword "Mesyrch" {speed, -Tele MR++
                  | Str+4 Stlth+}
 46722 | Vaults:5 | Noticed an ancient lich
 46787 | Vaults:5 | Received a gift from Okawaru
 46796 | Vaults:5 | Killed an ancient lich
 46845 | Vaults:5 | Reached XP level 25. HP: 127/231 MP: 27/28
 47296 | Vaults:5 | Received a gift from Okawaru
 47478 | Vaults:5 | Identified the Compendium of Hurtful Changing
 47522 | Vaults:5 | Noticed Jory
 47535 | Vaults:5 | Killed Jory
 47568 | Vaults:5 | Got a silver rune of Zot
 47654 | Vaults:5 | Identified the +6 whip of Isewaicu {elec, +Inv rElec}
 47874 | Vaults:5 | Got a pair of heavily runed gloves
 47875 | Vaults:5 | Identified the cursed +0 pair of gloves "Rerithue" {Str+4
                  | Int+2} (You found it on level 5 of the Vaults)
 47895 | Vaults:5 | Identified the Papyrus of Ice and Curses
 48382 | Vaults:2 | Identified the +10 glaive "Mirusuet" {venom, Int+4}
 48671 | Slime:1  | Entered Level 1 of the Pits of Slime
 48710 | Slime:1  | Gained mutation: You tend to lose your temper in combat. [a
                  | shining eye]
 48717 | Slime:1  | Gained mutation: You are dopey. (Int -2) [a shining eye]
 48721 | Slime:1  | Gained mutation: You are weak. (Str -2) [a shining eye]
 48894 | Slime:2  | Gained mutation: Armour fits poorly on your strangely
                  | shaped body. [a shining eye]
 49140 | Slime:2  | Gained mutation: Your magical capacity is low. (-10% MP) [a
                  | shining eye]
 49144 | Slime:2  | Gained mutation: You are clumsy. (Dex -2) [a shining eye]
 50004 | Slime:5  | Entered Level 5 of the Pits of Slime
 50028 | Slime:5  | Paralysed by a floating eye for 2 turns
 50041 | Slime:5  | Gained mutation: You are very frail. (-20% HP) [a shining
                  | eye]
 50042 | Slime:5  | Gained mutation: You are very dopey. (Int -4) [a shining
                  | eye]
 50049 | Slime:5  | Received a gift from Okawaru
 50100 | Slime:5  | Gained mutation: Potions are less effective at restoring
                  | your health. [a shining eye]
 50469 | Slime:5  | Found a viscous altar of Jiyva.
 50533 | Slime:5  | Noticed the Royal Jelly
 50557 | Slime:5  | Killed the Royal Jelly
 50653 | Slime:5  | Got a slimy rune of Zot
 50674 | Slime:5  | Got a sparkling wooden ring
 50675 | Slime:5  | Identified the ring of the Prince {+Inv Dex+3} (You found
                  | it on level 5 of the Pits of Slime)
 50700 | Slime:5  | Identified the Volume of Dark Rites
 50797 | Slime:5  | Got a blackened mace
 50798 | Slime:5  | Identified the +7 mace of Quyhemai {freeze, Str+4} (You
                  | found it on level 5 of the Pits of Slime)
 51108 | Slime:3  | Reached XP level 26. HP: 212/212 MP: 25/25
 51321 | Slime:1  | Gained mutation: Your spells are a little easier to cast,
                  | but a little less powerful. [a shining eye]
 52221 | Hell     | Entered the Vestibule of Hell
 52221 | Hell     | Noticed Geryon
 52237 | Hell     | Killed Geryon
 52279 | Hell     | Reached skill level 27 in Maces & Flails
 52281 | Hell     | Reached skill level 1 in Throwing
 52393 | Hell     | Reached skill level 5 in Throwing
 52433 | Hell     | Found a gateway to the Iron City of Dis.
 52541 | Hell     | Received a gift from Okawaru
 52767 | Hell     | Found a gateway to the decaying netherworld of Tartarus.
 52849 | Hell     | Found a gateway to the ashen valley of Gehenna.
 52987 | Hell     | Found a gateway to the freezing wastes of Cocytus.
 53281 | Tar:1    | Entered Level 1 of Tartarus
 53337 | Tar:1    | Reached skill level 10 in Throwing
 53738 | Crypt:1  | Entered Level 1 of the Crypt
 53761 | Crypt:1  | Received a gift from Okawaru
 54069 | Crypt:1  | Received a gift from Okawaru
 54953 | Crypt:2  | Identified the +4 lajatang "Rites" {vamp, +Fly rN+++ Str-5
                  | Dex+3}
 55028 | Crypt:2  | Found a runed translucent door.
 55105 | Crypt:2  | Noticed Misu's ghost (veteran GrEE)
 55132 | Crypt:2  | Reached XP level 27. HP: 203/218 MP: 25/25
 55246 | Crypt:2  | Received a gift from Okawaru
 55334 | Crypt:2  | Killed Misu's ghost
 55376 | Crypt:3  | Entered Level 3 of the Crypt
 55642 | Crypt:3  | Noticed an ancient lich
 55656 | Crypt:3  | Killed an ancient lich
 55656 | Crypt:3  | Received a gift from Okawaru
 55656 | Crypt:3  | Reached skill level 15 in Throwing
 55681 | Crypt:3  | Received a gift from Okawaru
 55925 | Crypt:3  | Found the +3 Elemental Staff {rElec rF++ rC++ MR++ AC+5}
 55926 | Crypt:3  | Noticed an ancient lich
 55926 | Crypt:3  | Noticed an ancient lich
 55939 | Crypt:3  | Killed an ancient lich
 55947 | Crypt:3  | Killed an ancient lich
 55957 | Crypt:3  | Identified Vehumet's Incunabulum of Confrontation
 55962 | Crypt:3  | Got a smoking hand axe
 55964 | Crypt:3  | Got a bloodstained rapier
 55967 | Crypt:3  | Got a shimmering long sword
 55969 | Crypt:3  | Identified the +8 hand axe "Buffeivu" {antimagic, +Rage MR+
                  | Int+4} (You found it on level 3 of the Crypt)
 55970 | Crypt:3  | Identified the +6 rapier "Ultimatum" {drain, *Contam +Rage
                  | Str+9 Int-2} (You found it on level 3 of the Crypt)
 55971 | Crypt:3  | Identified the +10 long sword "Piacigg" {speed, *Slow rC+
                  | Str+2 Dex+4} (You found it on level 3 of the Crypt)
 56126 | Crypt:3  | Found a staircase to the Tomb.
 56363 | Tomb:1   | Entered Level 1 of the Tomb of the Ancients
 56392 | Tomb:1   | Noticed Mara
 56397 | Tomb:1   | Noticed Lysie's illusion
 56416 | Tomb:1   | Killed Mara
 56671 | Tomb:1   | Received a gift from Okawaru
 56724 | Tomb:1   | Noticed a greater mummy
 56735 | Tomb:1   | Noticed a greater mummy
 56842 | Tomb:1   | Killed a greater mummy
 59986 | D:11     | You paid a toll of 3 potions of resistance to enter a
                  | treasure trove
 59987 | Trove    | Entered a treasure trove
 60017 | Trove    | Identified Sif Muna's Handbook of Assistive Confrontation
 60019 | Trove    | Identified Syxexug's Grimoire of Evil Transformation
 60046 | Trove    | Got a heavily runed brass amulet
 60048 | Trove    | Got a shimmering bone amulet
 60050 | Trove    | Got a twitching silver amulet
 60051 | Trove    | Identified the amulet of Xom's Scorn {+Rage rElec rC+} (You
                  | found it in a treasure trove)
 60052 | Trove    | Identified the amulet of Vodghei {Spirit rF+} (You found it
                  | in a treasure trove)
 60053 | Trove    | Identified the amulet "Fukiuwoff" {rN+ Regen+} (You found
                  | it in a treasure trove)
 60643 | Tomb:1   | Killed a greater mummy
 60643 | Tomb:1   | Reached skill level 1 in Evocations
 60984 | Tomb:1   | Identified the Catalogue of Viperous Calling
 61140 | Tomb:2   | Noticed a greater mummy
 61150 | Tomb:2   | Noticed a greater mummy
 61152 | Tomb:2   | Killed a greater mummy
 61155 | Tomb:2   | Noticed a greater mummy
 61232 | Tomb:2   | Noticed an ancient lich
 61244 | Tomb:2   | Killed an ancient lich
 61253 | Tomb:2   | Reached skill level 5 in Slings
 61440 | Tomb:2   | Killed a greater mummy
 61441 | Tomb:2   | Noticed a greater mummy
 61458 | Tomb:2   | Killed a greater mummy
 61458 | Tomb:2   | Reached skill level 5 in Evocations
 61501 | Tomb:2   | Killed a greater mummy
 62223 | Crypt:3  | Learned a level 6 spell: Statue Form
 62580 | Geh:1    | Entered Level 1 of Gehenna
 62649 | Geh:1    | Reached skill level 1 in Spellcasting
 62653 | Geh:1    | Reached skill level 1 in Earth Magic
 62656 | Geh:1    | Reached skill level 1 in Transmutations
 63164 | Geh:1    | Received a gift from Okawaru
 63999 | Geh:2    | Reached skill level 5 in Spellcasting
 64302 | Geh:2    | Gained mutation: You are very clumsy. (Dex -4) [mutagenic
                  | glow]
 64912 | Geh:3    | Reached skill level 5 in Earth Magic
 64920 | Geh:3    | Reached skill level 5 in Transmutations
 65280 | Geh:3    | Received a gift from Okawaru
 65474 | Geh:3    | Got a steaming eveningstar {god gift}
 65476 | Geh:3    | Identified the +6 eveningstar of Leosi {vamp, *Drain rPois
                  | Dex+2} (Okawaru gifted it to you on level 3 of Gehenna)
 66539 | Geh:4    | Received a gift from Okawaru
 66666 | Geh:4    | Got a pair of twisted gloves {god gift}
 66667 | Geh:4    | Identified the -5 pair of gloves "Wobrag" {Int+2} (Okawaru
                  | gifted it to you on level 4 of Gehenna)
 66871 | Geh:4    | Reached skill level 10 in Evocations
 68368 | Geh:6    | Received a gift from Okawaru
 68800 | Geh:6    | Got a pitted chain mail {god gift}
 68801 | Geh:6    | Identified the +5 chain mail "Qurune" {*Contam Regen+ Int+2
                  | Dex+4} (Okawaru gifted it to you on level 6 of Gehenna)
 69152 | Geh:6    | Reached skill level 10 in Spellcasting
 69619 | Geh:6    | Learned a level 1 spell: Confusing Touch
 69715 | Geh:7    | Entered Level 7 of Gehenna
 70176 | Geh:7    | Reached skill level 10 in Transmutations
 70181 | Geh:7    | Reached skill level 10 in Earth Magic
 70211 | Geh:7    | Got a translucent hand crossbow
 70213 | Geh:7    | Identified the cursed +1 hand crossbow "Earthworm" {penet,
                  | Str+3} (You found it on level 7 of Gehenna)
 70245 | Geh:7    | Gained mutation: Your spells are easier to cast, but less
                  | powerful. [mutagenic glow]
 70292 | Geh:7    | Gained mutation: Scrolls take you a little longer to read.
                  | [mutagenic glow]
 70569 | Geh:7    | Killed from afar by a lich

Skill      XL: |  1  2  3  4  5  6  7  8  9 10 11 12 13 14 15 16 17 18 19 20 21 22 23 24 25 26 27 |
---------------+----------------------------------------------------------------------------------+-----
Axes           | 3 4 5 6 7 9 11 13 14 | 14.0
Fighting       | 4 6 8 10 13 14 18 21 22 24 27 | 27.0
Armour         | 4 6 8 10 13 18 24 25 | 25.0
Shields        | 4 6 8 10 15 19 22 25 | 25.0
Invocations    | 3 7 9 |  9.0
Maces & Flails | 2 11 17 22 26 27 | 27.0
Throwing       | 13 18 | 18.1
Slings         | 7 |  7.1
Evocations     | 12 | 12.4
Spellcasting   | 10 | 10.5
Earth Magic    | 10 | 10.2
Transmutations | 10 | 10.2

Action                   |  1- 3 |  4- 6 |  7- 9 | 10-12 | 13-15 | 16-18 | 19-21 | 22-24 | 25-27 || total
-------------------------+-------+-------+-------+-------+-------+-------+-------+-------+-------++-------
Melee: War axe           |    50 |       |       |       |       |       |       |    64 |  3018 ||  3132
       Headbutt          |     9 |    31 |    81 |   134 |   343 |   502 |   555 |   532 |  1219 ||  3406
       Mace              |    55 |    92 |       |       |       |       |       |       |       ||   147
       Flail             |       |    46 |   248 |       |       |    44 |  1602 |       |       ||  1940
       Morningstar       |       |       |   138 |   342 |   115 |   138 |       |       |       ||   733
       Hand axe          |       |       |       |   266 |  1050 |  1290 |       |       |    18 ||  2624
       Demon whip        |       |       |       |       |       |       |    10 |  1383 |   368 ||  1761
 Fire: Hunting sling     |       |       |       |       |       |       |       |       |    73 ||    73
Throw: Throwing net      |       |     1 |       |       |       |       |       |       |       ||     1
       Tomahawk          |       |       |     2 |       |       |       |       |       |       ||     2
Invok: Heroism           |       |       |     1 |    11 |    27 |    38 |    22 |    10 |    57 ||   166
       Finesse           |       |       |       |     5 |    15 |    15 |     5 |     5 |    24 ||    69
Evoke: Wand              |       |       |     1 |     1 |     3 |       |       |       |     2 ||     7
  Use: Scroll            |     4 |     2 |     8 |    14 |    20 |    15 |    11 |    12 |    32 ||   118
       Potion            |       |       |     2 |       |     4 |       |     4 |     4 |     9 ||    23
 Stab: Confused          |       |       |       |       |       |     1 |       |       |       ||     1
  Eat: Chunk             |       |     2 |     1 |     2 |       |       |     3 |     8 |     6 ||    22
       Ration            |       |     2 |     3 |     8 |     8 |     9 |     7 |     5 |    21 ||    63
Armor: Scale mail        |    32 |       |       |       |       |       |       |       |       ||    32
       Plate armour      |    23 |   100 |   206 |   250 |   366 |   353 |   443 |   202 |       ||  1943
       Storm dragon scal |       |       |       |       |       |       |       |    74 |   676 ||   750
Dodge: Dodged            |    35 |    23 |    50 |   123 |   201 |   222 |   293 |   128 |   325 ||  1400
Block: Shield            |    49 |   101 |   178 |   347 |   509 |   287 |       |       |       ||  1471
       Large shield      |       |       |       |       |       |   830 |  2063 |  1302 |  3137 ||  7332
